 Dungeon Crawl Stone Soup version 0.21.1-1-g345015f (webtiles) character file.

193 aMcNicky the Shield-Bearer (level 5, -8/47 HPs)
             Began as a Minotaur Fighter on Mar 12, 2018.
             Killed from afar by joklet's ghost (11 damage)
             ... with a spray of energy
             ... on level 4 of the Dungeon.
             The game lasted 00:06:54 (2216 turns).

aMcNicky the Shield-Bearer (Minotaur Fighter)       Turns: 2216, Time: 00:06:55

Health: -8/47      AC: 10    Str: 21    XL:     5   Next: 43%
Magic:  4/4        EV: 10    Int:  5    God:
Gold:   188        SH:  0    Dex: 10    Spells: 4/4 levels left

rFire    . . .     SeeInvis .   a - +0 long sword
rCold    . . .     Gourm    .   B - +0 buckler
rNeg     . . .     Faith    .   p - +3 ring mail
rPois    .         Spirit   .   (helmet restricted)
rElec    .         Reflect  .   (no cloak)
rCorr    .         Harm     .   (no gloves)
MR       .....                  t - +0 pair of boots
Stlth    ..........             x - amulet of rage
HPRegen  0.15/turn              (no ring)
MPRegen  0.09/turn              (no ring)

@: confused, lethally poisoned (-8 -> -37)
A: retaliatory headbutt, horns 2
a: Evoke Berserk Rage


You were on level 4 of the Dungeon.
You were hungry.

You visited 1 branch of the dungeon, and saw 4 of its levels.

You collected 188 gold pieces.

Inventory:

Hand Weapons
 a - a +0 long sword (weapon)
Armour
 b - a +0 scale mail
 c - a +0 shield
 p - a +3 ring mail (worn)
 t - a +0 pair of boots (worn)
 B - a +0 buckler (worn)
Jewellery
 x - an amulet of rage (around neck)
Scrolls
 e - 7 scrolls of identify {@r1}
 i - 5 scrolls of remove curse {unknown}
 j - a scroll of fear {unknown}
 m - a scroll of fog {unknown}
 o - 6 scrolls of teleportation
 v - a scroll of amnesia {unknown}
 w - 2 scrolls of random uselessness {unknown}
 y - a scroll of immolation {unknown}
 z - 2 scrolls of enchant weapon {unknown}
Potions
 d - a potion of might
 h - 5 potions of mutation {unknown}
 k - a potion of haste {unknown}
 l - a potion of curing {unknown}
 n - 2 potions of brilliance {unknown}
 q - 2 potions of resistance {unknown}
 r - a potion of berserk rage {unknown}
 s - a potion of lignification {unknown}
 u - a potion of heal wounds {unknown}
Books
 A - a book of Callings

   Spells                             Type                      Level
   a - Summon Small Mammal            Summoning                    1
   b - Call Imp                       Summoning                    2
   c - Call Canine Familiar           Summoning                    3
   d - Summon Guardian Golem          Hexes/Summoning              3
   e - Summon Lightning Spire         Summoning/Air                4
   f - Summon Ice Beast               Ice/Summoning                4
Comestibles
 f - 5 rations


   Skills:
 + Level 4.8 Fighting
 * Level 4.0 Long Blades
 + Level 4.8 Armour
 + Level 4.9 Shields


You had 4 spell levels left.
You didn't know any spells.

Dungeon Overview and Level Annotations

Branches:
Dungeon (4/15)             Temple (0/1) D:4

Altars:

Annotations:
D:4 joklet's ghost, novice DECj


Innate Abilities, Weirdness & Mutations

You reflexively headbutt those who attack you in melee.
You have a pair of horns on your head.


Message History

You block joklet's ghost's attack.
You feel sick.
You feel sick.
Joklet's ghost gestures at you while chanting.
The spray of energy hits you!
* * * LOW HITPOINT WARNING * * *
You are confused.
There is a stone staircase leading up, spattered with blood here.
* * * LOW HITPOINT WARNING * * *
You feel sick.
In your confused state, you trip and fall back down the stairs.
* * * LOW HITPOINT WARNING * * *
x2 You feel sick.
Joklet's ghost hits you.
* * * LOW HITPOINT WARNING * * *
You are more poisoned.
* * * LOW HITPOINT WARNING * * *
You feel very sick. Joklet's ghost casts a spell at you.
The spray of energy hits you!
You die...

#........#.### <.
##.##.##.#.... ..#
#.##.##.##### .. #.##.##.#
.. #....(..# ##. ####.####
##.. #.#.## #
####...##########....####.
+.......W@....>.........+.
####...##########....####.
##.. #.#.## ## ##. #.### #
.. ... .P .#.


PP. .# #$ .>P . You could see joklet's ghost.

Vanquished Creatures
  The ghost of soepske the Insei, an amateur GnTm (D:3)
  2 adders (D:2)
  3 oozes
  3 dart slugs
  3 leopard geckos
  2 orcs (D:3)
  3 giant cockroaches (D:1)
  10 goblins
  5 hobgoblins
  4 jackals
  3 quokkas (D:3)
  A ball python (D:1)
  10 bats
  5 frilled lizards
  10 kobolds
  4 rats
69 creatures vanquished.

Vanquished Creatures (others)
  A jackal (D:4)
1 creature vanquished.

Grand Total: 70 creatures vanquished

Notes
Turn   | Place    | Note
-------+----------+-------------------------------------------
     0 | D:1      | aMcNicky the Minotaur Fighter began the quest for the Orb.
     0 | D:1      | Reached XP level 1. HP: 19/19 MP: 0/0
   216 | D:1      | Reached XP level 2. HP: 21/27 MP: 1/1
   436 | D:1      | Reached XP level 3. HP: 28/33 MP: 2/2
  1116 | D:2      | Reached XP level 4. HP: 41/41 MP: 3/3
  1522 | D:3      | Noticed soepske's ghost (amateur GnTm)
  1534 | D:3      | Killed soepske's ghost
  1534 | D:3      | Reached XP level 5. HP: 38/47 MP: 4/4
  2056 | D:4      | Noticed joklet's ghost (novice DECj)
  2205 | D:4      | Found a staircase to the Ecumenical Temple.
  2216 | D:4      | Killed from afar by joklet's ghost

Skill      XL: |  1  2  3  4  5 |
---------------+----------------+-----
Fighting       | 4 |  4.8
Shields        | 4 |  4.9
Armour         | 4 |  4.8
Long Blades    | 3 4 |  4.0

Action                   |  1- 3 |  4- 6 || total
-------------------------+-------+-------++-------
Melee: Long sword        |   104 |    73 ||   177
       Headbutt          |    17 |    10 ||    27
  Use: Scroll            |       |     3 ||     3
  Eat: Chunk             |     1 |     3 ||     4
Armor: Scale mail        |    49 |    30 ||    79
       Ring mail         |       |     9 ||     9
Dodge: Dodged            |    34 |    15 ||    49
Block: Shield            |    56 |    30 ||    86
       Buckler           |       |     1 ||     1
       Rpst.: Long sword |    10 |     3 ||    13
